 Dungeon Crawl Stone Soup version 0.26.0-10-g1f06aea511 (webtiles) character file.

Game seed: 2342404251585935028

274 inc the Sneak (level 6, -1/27 HPs)
             Began as a Felid Enchanter on Jan 29, 2021.
             Shot with an arrow by a centaur (17 damage)
             ... on level 7 of the Dungeon.
             The game lasted 00:09:35 (5949 turns).

inc the Sneak (Felid Enchanter)                     Turns: 5949, Time: 00:09:35

Health: -1/27      AC:  2    Str:  4    XL:     6   Next: 3%
Magic:  10/10      EV: 20    Int: 17    God:
Gold:   250        SH:  5    Dex: 18    Spells: 6/9 levels left
                                        Lives:  0   Deaths: 1

rFire    . . .     SeeInvis +     - Unarmed
rCold    . . .     Faith    .   (shield unavailable)
rNeg     . . .     Spirit   .   (armour unavailable)
rPois    .         Reflect  +   (helmet unavailable)
rElec    .         Harm     .   (cloak unavailable)
rCorr    .         Rampage  .   (gloves unavailable)
Will     .....                  (boots unavailable)
Stlth    +++++.....             d - amulet of reflection
HPRegen  0.09/turn              g - ring of stealth
MPRegen  0.12/turn              (no ring)

@: quick
A: very small, no armour, no weapons or thrown items, stealth, claws 1, fangs 3,
see invisible, speed 1, shaggy fur 2, sharp paws
a: no special abilities


You were on level 7 of the Dungeon.
You visited 1 branch of the dungeon, and saw 6 of its levels.

You collected 250 gold pieces.

Inventory:

Jewellery
 d - an amulet of reflection (around neck)
 g - a ring of stealth (left paw)
Scrolls
 a - 5 scrolls of remove curse
 b - a scroll of teleportation {unknown}
 e - a scroll of fear {unknown}
 i - a scroll of random uselessness
 j - a scroll of magic mapping
Potions
 c - 2 potions of magic {unknown}
 f - 2 potions of curing {unknown}
 h - a potion of heal wounds {unknown}
 k - a potion of haste {unknown}
 l - a potion of attraction {unknown}
 m - a potion of lignification {unknown}


   Skills:
 - Level 2.4 Fighting
 - Level 4.5 Dodging
 + Level 6.5 Stealth
 - Level 4.5 Unarmed Combat
 - Level 2.0 Spellcasting
 - Level 4.4 Hexes


You had 6 spell levels left.
You knew the following spells:

 Your Spells              Type           Power        Failure   Level
a - Corona                Hex            17%          3%          1
b - Ensorcelled Hibernat  Hex/Ice        18%          12%         2

Your spell library contained the following spells:

 Spells                   Type           Power        Failure   Level
 Confusing Touch          Hex            16%          10%         3
 Tukima's Dance           Hex            16%          10%         3
 Dazzling Flash           Conj/Hex       18%          24%         3


Dungeon Overview and Level Annotations

Branches:
Dungeon (7/15)
 Temple: D:4-7

Altars:
Ashenzari
Elyvilon

Shops:
D:7 [


Innate Abilities, Weirdness & Mutations

You cannot wear armour.
You are incapable of wielding weapons or throwing items.
Your paws allow you to move quietly. (Stealth)
You have sharp claws.
You have razor-sharp teeth.
You have supernaturally acute eyesight. (SInv)
You cover ground quickly.
You are covered in thick fur. (AC +2)
Your sharp claws are effective at attacking unaware monsters.


Message History

Confirm with . or Enter, or press ? or * to list all spells.
You can't see any susceptible monsters within range! (Use Z to cast anyway.)
You start resting.
Magic restored.
There is an open door here.
There is an entrance to Omarreuni's Armour Shop here.
You open the door.
There is an open door here.
A centaur comes into view.
The centaur shouts!
You hear an angry hiss.
The centaur wields a +0 shortbow.
The centaur shoots an arrow.
The arrow completely misses you.
The centaur shoots an arrow.
The arrow misses you.
The centaur shoots an arrow.
The arrow hits you!
An adder comes into view.
Found a leather armour.
You see here an arrow.
The centaur shoots an arrow.
The arrow hits you!
Ouch! That really hurt!
You die...

...[,,,,,,,,,,,+,,,,,,...........
####*****,,,,,,*,,,,,.#.#.###.##.
...# *,,,,,,*,,,,..#.#........
...# *,,,,,,*,,,..,#.#*###.##.
...# *,,.,,,*,,...,#..,,,.....
..)# *,..,,,*,...,,#..****,,#.
...#*####...,,,*,,,,,,*,,* *,,,,
...##....#*##########**,,****,,,,
.........# #(..(@.c.#**,,,,,*,,,,
.........# #.######...S#,**,*,,,,
..#'#....###.#*******#.#,**,*,,,,
..+∩+......#.#,,,,,,,,,,,,*,*,*,,
[.#'#......#.#,*******,****,*,*,,
...........#.#,* *,* *,*,*,,
.........###.#,* *,* *,*,*,,
#######......#,* *,* *,*,*,,
########,***** *,****,*,*,,


You could see a centaur and an adder.

Vanquished Creatures
  An ogre (D:7)
  A scorpion (D:7)
  An orc priest (D:3)
  4 orc wizards
  Natasha (D:2)
  5 adders
  An adder skeleton (D:2)
  5 worms
  3 dart slugs
  A leopard gecko (D:3)
  10 orcs
  8 bats
  5 giant cockroaches
  9 goblins
  6 hobgoblins
  5 jackals
  2 quokkas
  4 frilled lizards
  5 kobolds
  2 rats (D:3)
79 creatures vanquished.

Notes
Turn   | Place    | Note
-------+----------+-------------------------------------------
     0 | D:1      | inc the Felid Enchanter began the quest for the Orb.
     0 | D:1      | Reached XP level 1. HP: 7/7 MP: 4/4
   475 | D:1      | Reached XP level 2. HP: 11/11 MP: 6/6
   593 | D:1      | Learned a level 2 spell: Ensorcelled Hibernation
  1281 | D:2      | Noticed Natasha
  1559 | D:2      | Killed Natasha
  1560 | D:2      | Reached XP level 3. HP: 6/14 MP: 4/7
  2114 | D:2      | Reached XP level 4. HP: 18/18 MP: 8/8
  2626 | D:3      | Found a faded altar of an unknown god.
  3541 | D:2      | Found a broken altar of Ashenzari.
  3541 | D:2      | Found a white marble altar of Elyvilon.
  4127 | D:3      | Reached skill level 1 in Fighting
  4127 | D:3      | Reached XP level 5. HP: 19/22 MP: 6/9
  5063 | D:3      | Gained mutation: You are covered in thick fur. (AC +2)
                  | [Felid growth]
  5063 | D:3      | Reached XP level 6. HP: 27/27 MP: 1/10
  5261 | D:4      | You fall into a shaft and drop 3 floors!
  5262 | D:7      | Noticed an orc warrior
  5508 | D:7      | Reached skill level 5 in Stealth
  5829 | D:7      | Slain by an orc
  5830 | D:7      | Reached XP level 5. HP: -2/23 MP: 3/9
  5899 | D:7      | Noticed an ogre
  5904 | D:7      | Killed an ogre
  5905 | D:7      | Reached skill level 6 in Stealth
  5905 | D:7      | Reached XP level 6. HP: 27/27 MP: 10/10
  5909 | D:7      | Found Omarreuni's Armour Shop.
  5949 | D:7      | Shot with an arrow by a centaur

Illustrated notes

Levels and vault maps discovered:
D:1:      dpeg_arrival_tiny_d, layout_basic,
          wander_ebering_terrifying_dragon_lair
D:2:      kb_forest_paths, layout_loops_ring,
          gammafunk_temple_overflow_elements, lemuel_old_faithful, uniq_natasha
D:3:      layout_basic, chequers_ecumenical_altar_simple_redux
D:4:      layout_basic, minmay_temple_entry_antechambers
D:6:      layout_gridville, grunt_qazlal_sundering, minmay_misc_feat_cross
D:7:      layout_basic, serial_shops, kennysheep_mini_moat

Skill      XL: |  1  2  3  4  5  6 |
---------------+-------------------+-----
Unarmed Combat | 2 3 4 |  4.5
Dodging        | 3 4 |  4.5
Fighting       | 1 2 |  2.4
Stealth        | 6 5 |  6.5
Spellcasting   | |  2.0
Hexes          | |  4.4

Action                   |  1- 3 |  4- 6 || total
-------------------------+-------+-------++-------
Melee: Unarmed           |    59 |   123 ||   182
       Bite              |     3 |    12 ||    15
       Punch             |     1 |     1 ||     2
 Cast: Ensorcelled Hiber |    15 |    69 ||    84
       Corona            |     1 |       ||     1
  Use: Potion            |     1 |       ||     1
       Scroll            |       |     3 ||     3
 Stab: Sleeping          |    17 |    42 ||    59
Armor: Skin              |     2 |     3 ||     5
Dodge: Dodged            |    37 |    89 ||   126
Block: Other             |       |    27 ||    27
       Reflection        |       |     7 ||     7
